 Dungeon Crawl Stone Soup version 0.24-a0-525-g9231cdcba1 (webtiles) character file.

Game seed: 10716960604560116417

123871 Peloso the Fencer (level 16, 0/151 HPs)
             Began as a Minotaur Fighter on Aug 4, 2019.
             Was the Champion of Okawaru.
             Shot with a bolt by a naga sharpshooter (10 damage)
             ... on level 1 of the Snake Pit.
             The game lasted 01:29:41 (32987 turns).

Peloso the Fencer (Minotaur Fighter)               Turns: 32987, Time: 01:29:42

Health: 0/151      AC: 20    Str: 35    XL:     16   Next: 37%
Magic:  0/18       EV: 13    Int:  8    God:    Okawaru [******]
Gold:   2306       SH:  9    Dex: 17    Spells: 15/15 levels left

rFire    . . .     SeeInvis .   a - +3 double sword "Geud" {holy, rPois}
rCold    . . .     Gourm    .   U - +1 buckler "Ydaxkice" {-Cast rCorr Str+4 Int+3}
rNeg     . . .     Faith    +   I - +0 plate armour
rPois    +         Spirit   +   (helmet restricted)
rElec    .         Reflect  .   o - scarf {Spirit}
rCorr    +         Harm     .   h - +0 pair of gloves
MR       +....     NoCast   +   B - +0 pair of boots {run}
Stlth    ..........             W - amulet of faith
HPRegen  0.35/turn              m - +5 ring of dexterity
MPRegen  0.16/turn              D - +5 ring of strength

@: lightly drained, quick
A: retaliatory headbutt, horns 2
a: Heroism, Finesse, Renounce Religion


You were on level 1 of the Snake Pit.
You worshipped Okawaru.
Okawaru was exalted by your worship.
You were not hungry.

You visited 6 branches of the dungeon, and saw 27 of its levels.
You also visited: Volcano.

You collected 2568 gold pieces.
You spent 262 gold pieces at shops.

Inventory:

Hand Weapons
 a - the +3 double sword "Geud" (weapon) {holy, rPois}
   (Okawaru gifted it to you on level 1 of the Swamp)

   It has been blessed by the Shining One to cause great damage to the undead
   and demons.
   It protects you from poison.
 b - a +5 demon blade of venom
 c - a +4 scimitar of flaming
 M - the +6 long sword "Neiteme" {flame, rElec SInv}
   (You bought it in a shop on level 2 of the Orcish Mines)

   It has been specially enchanted to burn those struck by it, causing extra
   injury to most foes and up to half again as much damage against particularly
   susceptible opponents.
   Big, fiery blades are also staple armaments of hydra-hunters.
   It insulates you from electricity.
   It lets you see invisible.
Armour
 h - a +0 pair of gloves (worn)
 o - a scarf of spirit shield (worn)
 r - a +0 pair of boots
 v - a +0 shield of reflection
 B - a +0 pair of boots of running (worn)
 I - a +0 plate armour (worn)
 U - the +1 buckler "Ydaxkice" (worn) {-Cast rCorr Str+4 Int+3}
   (You acquired it on level 2 of the Lair of Beasts)

   It affects your strength (+4).
   It affects your intelligence (+3).
   It prevents spellcasting.
   It provides partial protection from all sources of acid and corrosion.
Jewellery
 i - an uncursed ring of protection from cold
 m - a +5 ring of dexterity (left hand)
 s - an uncursed ring of see invisible
 z - an uncursed ring of stealth {unknown}
 D - a +5 ring of strength (right hand)
 J - an uncursed ring of protection from magic
 W - an amulet of faith (around neck)
Wands
 p - a wand of random effects (20)
 w - a wand of digging (3)
Scrolls
 e - a scroll of identify
 j - 9 scrolls of remove curse
 k - 14 scrolls of teleportation
 l - a scroll of amnesia
 n - 2 scrolls of blinking
 y - 3 scrolls of fear
 F - a scroll of enchant weapon
 G - 2 scrolls of magic mapping
 V - 2 scrolls of noise
Potions
 d - 4 potions of might
 g - 7 potions of curing
 q - 4 potions of resistance
 t - 7 potions of heal wounds
 u - 4 potions of agility
 x - 2 potions of mutation
 E - a potion of flight {unknown}
 L - 2 potions of ambrosia {unknown}
 P - 2 potions of haste
 S - 2 potions of berserk rage {unknown}
 Z - 2 potions of magic
Comestibles
 f - 45 rations


   Skills:
 + Level 16.2(15.5) Fighting
 + Level 17.6(17.0) Long Blades
 + Level 16.7(16.1) Armour
 + Level 6.4(5.9) Dodging
 + Level 2.6(2.1) Stealth
 + Level 16.2(15.6) Shields
 + Level 1.2(0.7) Unarmed Combat
 + Level 4.3(3.8) Invocations
 + Level 1.0(0.6) Evocations


You had 15 spell levels left.
You didn't know any spells.
Your spell library contained the following spells:

 Spells                   Type           Power        Failure   Level  Hunger
 Infusion                 Chrm           #...         87%         1    ##.....
 Shroud of Golubria       Chrm/Tloc      #.....       95%         2    ###....
 Song of Slaying          Chrm           #.......     95%         2    ###....
 Regeneration             Chrm/Necr      #.........   99%         3    ####...
 Spectral Weapon          Hex/Chrm       #.......     99%         3    ####...
 Haunt                    Necr/Summ      #.........   100%        7    #######
 Borgnjor's Revivificati  Necr           #.........   100%        8    #######
 Death's Door             Chrm/Necr      #.........   100%        8    #######
 Infestation              Necr           #.........   100%        8    #######
 Necromutation            Tmut/Necr      #.........   100%        8    #######


Dungeon Overview and Level Annotations

Branches:
Dungeon (15/15)            Temple (1/1) D:4            Lair (6/6) D:10
  Swamp (2/4) Lair:4        Snake (1/4) Lair:3        Slime (0/5) Lair:6
    Orc (2/2) D:9             Elf (0/3) Orc:2        Vaults (0/5) D:13
 Depths (0/5) D:15

Altars:
Elyvilon
Gozag
Hepliaklqana
Kikubaaqudgha
Makhleb
Okawaru
Ru
Trog
Vehumet
Wu Jian
Xom
Yredelemnul
Beogh

Shops:
D:10 :   Orc:2 [}[(*

Portals:
Hell: Lair:6

Annotations:
D:5 Prince Ribbit


Innate Abilities, Weirdness & Mutations

You reflexively headbutt those who attack you in melee.
You have a pair of horns on your head.


Message History

* * * LOW HITPOINT WARNING * * *
There is a staircase back to the Lair, spattered with blood here.
Things that are here:
2 arrows; 3 bolts You feel better.
The naga sharpshooter casts a spell.
The naga sharpshooter magically shoots a bolt.
The bolt hits you.
* * * LOW HITPOINT WARNING * * *
The naga mage casts a spell at you. The orb of energy hits you.
* * * LOW HITPOINT WARNING * * *
The naga sharpshooter spits poison at you.
The splash of poison hits you but does no damage.
You resist.
The naga sharpshooter spits poison at you.
The splash of poison hits you but does no damage.
You resist.
The naga sharpshooter shoots a bolt.
The bolt hits you!
You die...

. .# #. ##
#.#. #...
#(.##
#...###
#@...##
##.(N.##
##((..##
##(#..#####
##).NN....
#.N.N.....
#...#.....#
#...######..
#[..# .


You could see 4 naga sharpshooters and a naga mage.

Vanquished Creatures
  Jorgrun (Orc:2)
  Donald (Swamp:1)
  A thorn hunter (Swamp:2)
  Kirke (Lair:6)
  An orc warlord (Orc:1)
  A stone giant (Volcano)
  The ghost of BluebellGnoll the Grappler, a journeyman TrWz of Ashenzari (Swamp:1)
  2 dire elephants
  The ghost of Titania the Cleaver, a journeyman MiBe of Trog (D:12)
  The ghost of mishael the Fighter, a journeyman DrFi of Nemelex Xobeh (D:11)
  The ghost of Flugkiller the Destroyer, a journeyman DEFE of Vehumet (Lair:1)
  An ogre mage (D:15)
  14 hydras
  7 centaur warriors
  4 ghost crabs
  2 death knights (D:13)
  12 two-headed ogres
  A dancing weapon (D:12)
  8 alligators
  An anaconda (Snake:1)
  An orc high priest (Orc:2)
  2 tengu warriors (D:15)
  Sonja (Lair:2)
  A shock serpent (Snake:1)
  A sun demon (Lair:6)
  2 unseen horrors
  The ghost of MirrMurr the Covert, a novice SpEn of Dithmenos (D:7)
  A wizard (Lair:6)
  A swamp dragon (Swamp:2)
  6 orc knights
  A wolf spider (D:15)
  A wolf spider zombie (D:13)
  Pikel (D:5)
  2 orc sorcerers (Orc:2)
  6 ugly things
  A moth of wrath (D:7)
  An oklob plant (Lair:3)
  2 deep elf magi (D:15)
  2 manticores (D:15)
  A salamander (D:15)
  5 cyclopes
  9 elephants
  4 black mambas
  A smoke demon (Lair:6)
  4 orange demons (Lair:6)
  10 spiny frogs
  3 gargoyles
  3 freezing wraiths (D:15)
  A torpor snail (Lair:6)
  4 rime drakes
  An efreet (Volcano)
  3 yaktaurs (D:15)
  An ice devil (Lair:6)
  7 komodo dragons
  A queen bee (Lair:5)
  6 trolls
  A polar bear (D:11)
  A red devil (Lair:6)
  3 hornets
  3 meliai (Lair:5)
  6 tyrant leeches
  8 blink frogs
  19 slime creatures
  6 bog bodies
  11 hippogriffs
  A centaur simulacrum (D:15)
  A shadow (D:15)
  A wraith (D:13)
  5 spriggans
  A wyvern (D:11)
  16 humans (D:13)
  20 yaks
  3 fire elementals (Volcano)
  3 hogs
  A vampire (D:14)
  6 fire bats (Volcano)
  4 basilisks
  9 vampire mosquitoes
  A hungry ghost (D:10)
  4 steam dragons
  2 wargs
  6 nagas
  5 insubstantial wisps (Swamp:2)
  An acid dragon (D:13)
  A soldier ant (D:15)
  6 swamp worms
  Edmund (D:5)
  15 water moccasins
  4 hell hounds (Lair:6)
  7 porcupines
  4 swamp drakes
  2 sky beasts
  42 orc warriors
  A black bear (D:6)
  6 ice beasts
  3 eyes of draining
  3 slaves (D:6)
  11 ogres
  A necrophage (D:12)
  2 phantoms
  20 wolves
  32 centaurs
  7 crocodiles
  2 big kobolds
  8 bullfrogs
  A wyvern zombie (D:12)
  5 gnoll sergeants
  2 earth elementals (Volcano)
  A wyvern skeleton (D:11)
  5 scorpions
  22 killer bees
  4 wights (D:7)
  An electric eel (Lair:4)
  A howler monkey (D:5)
  12 crimson imps
  3 bullfrog zombies
  6 lava snakes
  A centaur zombie (D:11)
  9 hounds
  2 centaur skeletons
  4 jellies
  Crazy Yiuf (D:4)
  12 orc priests
  A bullfrog skeleton (D:7)
  8 worker ants
  Ijyb (D:5)
  Terence (D:2)
  3 iguanas
  21 orc wizards
  A hound zombie (D:5)
  A hound skeleton (D:8)
  3 worker ant zombies
  12 gnolls
  14 adders
  4 shadow imps
  2 oozes
  An adder skeleton (D:9)
  2 adder zombies
  4 worms
  3 dart slugs
  6 leopard geckos
  93 orcs
  4 giant cockroaches
  3 hobgoblins
  8 jackals
  3 quokkas
  A ball python (D:2)
  10 bats
  4 frilled lizards
  5 goblins
  6 kobolds
  A quokka skeleton (D:7)
  3 rats
  4 fungi
  A plant (Lair:3)
812 creatures vanquished.

Vanquished Creatures (others)
  An alligator (Swamp:2)
  A spiny frog (Swamp:2)
  A worker ant (D:6)
  A quokka (D:6)
  4 fungi
  2 plants (D:11)
10 creatures vanquished.

Grand Total: 822 creatures vanquished

Notes
Turn   | Place    | Note
-------+----------+-------------------------------------------
     0 | D:1      | Peloso the Minotaur Fighter began the quest for the Orb.
     0 | D:1      | Reached XP level 1. HP: 19/19 MP: 0/0
   170 | D:1      | Reached XP level 2. HP: 25/27 MP: 1/1
  1118 | D:2      | Reached XP level 3. HP: 24/33 MP: 2/2
  1124 | D:2      | Reached skill level 3 in Long Blades
  1321 | D:2      | Noticed Terence
  1330 | D:2      | Killed Terence
  1434 | D:2      | Found a basalt altar of Yredelemnul.
  1652 | D:2      | Reached XP level 4. HP: 40/40 MP: 3/3
  1749 | D:2      | Found a white marble altar of Elyvilon.
  1891 | D:3      | Found a bloodstained altar of Trog.
  1892 | D:3      | Found a hazy altar of Hepliaklqana.
  1892 | D:3      | Found an ancient bone altar of Kikubaaqudgha.
  2294 | D:3      | Found a sacrificial altar of Ru.
  2399 | D:3      | Reached XP level 5. HP: 45/46 MP: 4/4
  3066 | D:4      | Reached skill level 4 in Long Blades
  3155 | D:4      | Reached skill level 5 in Armour
  3164 | D:4      | Reached skill level 5 in Shields
  3198 | D:4      | Noticed an orc warrior
  3216 | D:4      | Killed an orc warrior
  3216 | D:4      | Reached skill level 1 in Dodging
  3216 | D:4      | Reached XP level 6. HP: 27/53 MP: 5/5
  3429 | D:4      | Found a burning altar of Makhleb.
  3466 | D:4      | Found a staircase to the Ecumenical Temple.
  3474 | Temple   | Entered the Ecumenical Temple
  3534 | Temple   | Became a worshipper of Warmaster Okawaru
  3827 | D:4      | Found a runed translucent door.
  3828 | D:4      | Noticed Crazy Yiuf
  3836 | D:4      | Killed Crazy Yiuf
  3836 | D:4      | Reached XP level 7. HP: 60/60 MP: 6/6
  3923 | D:5      | Entered Level 5 of the Dungeon
  4032 | D:5      | Reached skill level 5 in Long Blades
  4213 | D:4      | Reached skill level 5 in Fighting
  4752 | D:5      | Reached skill level 6 in Long Blades
  4752 | D:5      | Reached XP level 8. HP: 57/68 MP: 7/7
  4844 | D:5      | Noticed Ijyb
  4862 | D:5      | Killed Ijyb
  4865 | D:5      | Reached * piety under Okawaru
  4923 | D:5      | Noticed Prince Ribbit
  4979 | D:5      | Noticed Edmund
  4989 | D:5      | Killed Edmund
  4989 | D:5      | Reached skill level 7 in Long Blades
  5480 | D:6      | Noticed Pikel
  5723 | D:5      | Killed Pikel
  5723 | D:5      | Reached ** piety under Okawaru
  5723 | D:5      | Reached skill level 8 in Long Blades
  5723 | D:5      | Reached XP level 9. HP: 43/75 MP: 5/8
  6385 | D:7      | Noticed a two-headed ogre
  6386 | D:7      | Found a bloodstained altar of Trog.
  6386 | D:7      | Noticed MirrMurr's ghost (novice SpEn)
  6394 | D:7      | Noticed a moth of wrath
  6638 | D:7      | Reached skill level 9 in Long Blades
  6656 | D:7      | Found a transporter.
  6659 | D:7      | Found a transporter.
  8072 | D:8      | Reached skill level 10 in Long Blades
  8385 | D:8      | Reached *** piety under Okawaru
  8549 | D:8      | Reached XP level 10. HP: 86/86 MP: 9/9
  8960 | D:9      | Found a roughly hewn altar of Beogh.
  8960 | D:9      | Found a staircase to the Orcish Mines.
  9189 | D:9      | Reached skill level 10 in Armour
  9304 | D:10     | Entered Level 10 of the Dungeon
  9336 | D:10     | Found a staircase to the Lair.
  9336 | D:10     | Noticed an elephant
  9369 | D:10     | Reached skill level 11 in Long Blades
  9385 | D:10     | Killed an elephant
  9385 | D:10     | Reached **** piety under Okawaru
  9403 | D:10     | Reached skill level 1 in Invocations
  9535 | D:10     | Found a shimmering altar of Xom.
  9644 | D:10     | Found Nudojunt's Book Emporium.
  9741 | D:10     | Noticed a two-headed ogre
  9747 | D:10     | Killed a two-headed ogre
  9747 | D:10     | Reached skill level 10 in Shields
  9873 | D:10     | Noticed a two-headed ogre
  9879 | D:10     | Killed a two-headed ogre
  9879 | D:10     | Reached ***** piety under Okawaru
  9879 | D:10     | Reached XP level 11. HP: 82/95 MP: 10/10
 10079 | D:11     | Reached skill level 12 in Long Blades
 10081 | D:11     | Found a runed translucent door.
 10090 | D:11     | Identified the +8 spear of Profit {vamp, rF+ Int+7}
 10092 | D:11     | Noticed mishael's ghost (journeyman DrFi)
 10093 | D:11     | Noticed a spriggan rider
 10147 | D:11     | Noticed a white ugly thing
 10154 | D:11     | Killed a white ugly thing
 10236 | D:11     | Noticed a two-headed ogre
 10248 | D:11     | Killed a two-headed ogre
 11186 | D:12     | Reached skill level 13 in Long Blades
 11361 | D:12     | Found a runed translucent door.
 11361 | D:12     | Found a shimmering altar of Xom.
 11361 | D:12     | Noticed a +1 scimitar of chaos
 11361 | D:12     | Noticed Titania's ghost (journeyman MiBe)
 11489 | D:12     | Noticed a white ugly thing
 11510 | D:12     | Killed a white ugly thing
 12117 | D:7      | Received a gift from Okawaru
 12331 | D:7      | Killed a two-headed ogre
 12331 | D:7      | Reached skill level 10 in Fighting
 12508 | D:7      | Killed MirrMurr's ghost
 12508 | D:7      | Reached XP level 12. HP: 106/106 MP: 9/12
 12635 | Lair:1   | Entered Level 1 of the Lair of Beasts
 12686 | Lair:1   | Found a runed translucent door.
 12808 | Lair:1   | Noticed Flugkiller's ghost (journeyman DEFE)
 12845 | Lair:1   | Found an opulent altar of Gozag.
 13423 | Lair:2   | Noticed Sonja
 13470 | Lair:2   | Received a gift from Okawaru
 13658 | Lair:2   | Reached skill level 14 in Long Blades
 13686 | Lair:2   | Reached ****** piety under Okawaru
 13689 | Lair:2   | Identified a scroll of acquirement
 13701 | Lair:2   | Got a spiked buckler
 13707 | Lair:2   | Identified the +1 buckler "Ydaxkice" {-Cast rCorr Str+4
                  | Int+3} (You acquired it on level 2 of the Lair of Beasts)
 13942 | Lair:2   | Noticed a seven-headed hydra
 13953 | Lair:2   | Killed a 13-headed hydra
 14020 | Lair:2   | Killed Sonja
 14398 | Lair:3   | Noticed an eight-headed hydra
 14408 | Lair:3   | Killed a 14-headed hydra
 14477 | Lair:3   | You fall into a shaft and drop 3 floors!
 14477 | Lair:6   | Entered Level 6 of the Lair of Beasts
 14482 | Lair:6   | Noticed a six-headed hydra
 14499 | Lair:6   | Killed a ten-headed hydra
 14621 | Lair:6   | Noticed Kirke
 14646 | Lair:6   | Found a staircase to the Slime Pits.
 14825 | Lair:5   | Noticed an eight-headed hydra
 14841 | Lair:5   | Killed a 17-headed hydra
 15027 | Lair:6   | Killed Kirke
 15027 | Lair:6   | Received a gift from Okawaru
 15029 | Lair:6   | Noticed an eight-headed hydra
 15137 | Lair:5   | Killed a 12-headed hydra
 15137 | Lair:5   | Reached XP level 13. HP: 18/116 MP: 7/14
 15271 | Lair:6   | Reached skill level 1 in Unarmed Combat
 15275 | Lair:6   | Received a gift from Okawaru
 15400 | Lair:4   | Found a dark tunnel.
 15410 | Volcano  | Entered a volcano
 15610 | Volcano  | Reached skill level 15 in Long Blades
 15635 | Volcano  | Noticed a stone giant
 15645 | Volcano  | Killed a stone giant
 15647 | Volcano  | Found a burning altar of Makhleb.
 15705 | Volcano  | Found a burning altar of Makhleb.
 15984 | Lair:3   | Found a staircase to the Snake Pit.
 16319 | Orc:1    | Entered Level 1 of the Orcish Mines
 16958 | D:13     | Received a gift from Okawaru
 16969 | D:13     | Found a gate to the Vaults.
 16983 | D:13     | Got a steaming scimitar {god gift}
 16984 | D:13     | Identified the +3 scimitar of Termination {speed, rElec}
                  | (Okawaru gifted it to you on level 13 of the Dungeon)
 17071 | D:13     | Reached skill level 5 in Dodging
 17546 | D:13     | Received a gift from Okawaru
 17561 | D:13     | Got a dazzling plate armour {god gift}
 17567 | D:13     | Identified the +1 plate armour of Somewhere Else {Str-2
                  | Int+10} (Okawaru gifted it to you on level 13 of the
                  | Dungeon)
 18299 | Lair:3   | Found an ornate altar of the Wu Jian Council.
 18702 | Lair:4   | Reached skill level 1 in Evocations
 18706 | Lair:4   | Reached XP level 14. HP: 120/127 MP: 16/16
 18766 | Lair:4   | Found a staircase to the Swamp.
 19901 | Lair:5   | Reached skill level 16 in Long Blades
 20207 | Lair:5   | Found a burning altar of Makhleb.
 20609 | Lair:6   | Received a gift from Okawaru
 20621 | Lair:6   | Got a dazzling morningstar {god gift}
 20624 | Lair:6   | Identified the +8 morningstar "Bap Awus" {elec, rF- MR+
                  | Str+3 Dex+2} (Okawaru gifted it to you on level 6 of the
                  | Lair of Beasts)
 21328 | Lair:6   | Found a burning altar of Makhleb.
 21365 | Lair:6   | Found a gateway to Hell.
 21801 | Lair:6   | Received a gift from Okawaru
 21912 | Lair:1   | Killed Flugkiller's ghost
 22125 | D:12     | Killed Titania's ghost
 22406 | D:13     | You fall into a shaft and drop 2 floors!
 22406 | D:15     | Entered Level 15 of the Dungeon
 22552 | D:15     | Reached skill level 15 in Armour
 22802 | D:15     | Received a gift from Okawaru
 22826 | D:15     | Got a bloodstained scale mail {god gift}
 22837 | D:15     | Identified the +4 scale mail of Pathos {*Contam Int+9
                  | Stlth+} (Okawaru gifted it to you on level 15 of the
                  | Dungeon)
 23132 | D:15     | Reached XP level 15. HP: 112/139 MP: 17/17
 23239 | D:15     | Found a staircase to the Depths.
 24169 | D:14     | Reached skill level 1 in Stealth
 24574 | D:14     | Reached skill level 15 in Fighting
 24843 | D:11     | Killed mishael's ghost
 24959 | Orc:1    | Noticed an orc warlord
 24984 | Orc:1    | Reached skill level 15 in Shields
 24996 | Orc:1    | Killed an orc warlord
 24996 | Orc:1    | Reached skill level 17 in Long Blades
 25345 | Orc:2    | Entered Level 2 of the Orcish Mines
 25346 | Orc:2    | Received a gift from Okawaru
 25372 | Orc:2    | Found a staircase to the Elven Halls.
 25665 | Orc:2    | Noticed Jorgrun
 25679 | Orc:2    | Killed Jorgrun
 25806 | Orc:2    | Paralysed by an orc sorcerer for 3 turns
 27739 | Orc:2    | Found Oryorec's Antique Armour Shop.
 27952 | Orc:2    | Found Goibat's Antique Armour Boutique.
 27952 | Orc:2    | Found Lovoruac's Antique Weapon Emporium.
 27954 | Orc:2    | Found Duorgh's General Store.
 27956 | Orc:2    | Found Duhes's Gadget Shop.
 27963 | Orc:2    | Bought a scroll of identify for 24 gold pieces
 27971 | Orc:2    | Bought a warped long sword for 238 gold pieces
 27974 | Orc:2    | Identified the +6 long sword "Neiteme" {flame, rElec SInv}
                  | (You bought it in a shop on level 2 of the Orcish Mines)
 29149 | Swamp:1  | Entered Level 1 of the Swamp
 29162 | Swamp:1  | Received a gift from Okawaru
 29168 | Swamp:1  | Got an encrusted double sword {god gift}
 29169 | Swamp:1  | Identified the +3 double sword "Geud" {holy, rPois}
                  | (Okawaru gifted it to you on level 1 of the Swamp)
 29219 | Swamp:1  | Noticed Donald
 29233 | Swamp:1  | Killed Donald
 29482 | Swamp:1  | Found a runed translucent gate.
 29482 | Swamp:1  | Found a runed translucent gate.
 29483 | Swamp:1  | Found a runed translucent gate.
 29485 | Swamp:1  | Noticed BluebellGnoll's ghost (journeyman TrWz)
 29760 | Swamp:1  | Reached XP level 16. HP: 89/150 MP: 11/18
 29960 | Swamp:2  | Received a gift from Okawaru
 29974 | Swamp:2  | Identified a +0 pair of boots of running (Okawaru gifted it
                  | to you on level 2 of the Swamp)
 30151 | Swamp:2  | Noticed a thorn hunter
 30162 | Swamp:2  | Killed a thorn hunter
 32556 | Swamp:1  | Killed BluebellGnoll's ghost
 32960 | Snake:1  | Entered Level 1 of the Snake Pit
 32985 | Snake:1  | HP: 5/151 [naga sharpshooter/arrow (8)]
 32987 | Snake:1  | Shot with a bolt by a naga sharpshooter

Levels and vault maps discovered:
D:1:      sevenhm_arrival_forest_fort_large_2, layout_basic, serial_bayou_pond_c
D:2:      layout_basic, kennysheep_ying_yang, uniq_terence
D:3:      minmay_recursive_quarters, layout_basic,
          nicolae_overflow_hidden_temple, grunt_temple_overflow_open
D:4:      layout_basic, marbit_many_paths, minmay_temple_entry_fiery,
          uniq_crazy_yiuf_cottage
D:5:      layout_rooms, first_ration, uniq_ijyb, uniq_prince_ribbit1,
          uniq_edmund
D:6:      layout_cave_pools, uniq_pikel
D:7:      minmay_evil_eye, layout_loops_ring, gammafunk_ghost_wrathful_warriors
D:8:      layout_cave_pools, grunt_ogre_cave
D:9:      layout_rooms, david_orc_5
D:10:     layout_irregular_city, david_lair_generic, serial_shops,
          nicolae_shop_crystal, xom_teletrap_fun
D:11:     layout_roguey, ebering_ghost_funeral_grove
D:12:     layout_irregular_city, ebering_ghost_xom
D:13:     layout_roguey, david_vaults_3
D:14:     layout_basic
D:15:     hangedman_depths_entry_try_elsewhere_first, layout_cave_pods,
          minmay_misc_feat_tower
Temple:   regret_index_temple_generic_petals
Lair:1:   layout_chaotic_city, basic_altar, hellmonk_ghost_happy_afterlife,
          minmay_stone_trees_medium, minivault_25
Lair:2:   layout_gridlike, uniq_sonja
Lair:3:   layout_regular_city, minmay_snake_entry_guardpost_medium,
          lemuel_oklob_altar
Lair:4:   layout_regular_city, nicolae_swamp_entry_splash_gauntlet,
          nicolae_volcano_entry_s_turn
Lair:5:   layout_long_grid, special_room [special_room_bee],
          lemuel_centaur_altar
Lair:6:   evil_forest, layout_misc_corridors, slime_dummy, uniq_kirke
Swamp:1:  layout_falls_marsh, ebering_ghost_rock_garden,
          evilmike_swamp_ruin_house_2, uniq_donald
Swamp:2:  layout_basic_swamp, evilmike_swamp_ruin_house_4, swamp_pool3
Snake:1:  layout_concentric_octagons, serial_shops, shop, uniq_josephine
Orc:1:    layout_caves
Orc:2:    st_orc_rangers, layout_caves, serial_shops,
          nicolae_shop_temple_entry_statues_fountains, guppyfry_library_mini,
          uniq_jorgrun

Skill      XL: |  1  2  3  4  5  6  7  8  9 10 11 12 13 14 15 16 |
---------------+-------------------------------------------------+-----
Fighting       | 4 5 6 7 8 10 11 12 14 15 16 | 16.2
Shields        | 4 5 6 8 10 11 12 13 14 15 16 | 16.2
Long Blades    | 3 4 6 8 10 11 13 14 15 16 17 | 17.6
Armour         | 4 5 6 7 8 9 10 11 12 13 15 16 | 16.7
Dodging        | 1 2 3 4 5 6 |  6.4
Invocations    | 1 3 4 |  4.3
Unarmed Combat | 1 |  1.2
Evocations     | 1 |  1.0
Stealth        | 2 |  2.6

Action                   |  1- 3 |  4- 6 |  7- 9 | 10-12 | 13-15 | 16-18 || total
-------------------------+-------+-------+-------+-------+-------+-------++-------
Melee: Long sword        |    70 |   125 |   345 |   485 |    19 |    46 ||  1090
       Headbutt          |    18 |    25 |   107 |   218 |   394 |    61 ||   823
       Demon blade       |       |       |       |   161 |   880 |       ||  1041
       Unarmed           |       |       |       |     5 |       |       ||     5
       Scimitar          |       |       |       |       |    89 |       ||    89
       Double sword      |       |       |       |       |    72 |   112 ||   184
Invok: Heroism           |       |       |     6 |    22 |     5 |     1 ||    34
       Finesse           |       |       |       |     5 |       |       ||     5
Evoke: Wand              |       |       |     7 |     1 |     7 |       ||    15
  Use: Scroll            |     6 |     1 |     6 |     9 |    11 |     1 ||    34
       Potion            |       |       |     4 |       |     4 |     2 ||    10
 Stab: Distracted        |       |       |       |       |     1 |       ||     1
       Confused          |       |       |       |       |     1 |       ||     1
  Eat: Chunk             |     2 |     6 |    16 |    13 |    29 |     4 ||    70
       Ration            |       |       |       |     3 |     5 |     2 ||    10
Armor: Scale mail        |    27 |       |       |       |   130 |       ||   157
       Chain mail        |    13 |    91 |   145 |       |    50 |       ||   299
       Plate armour      |       |       |     6 |   274 |   235 |   145 ||   660
Dodge: Dodged            |    21 |    35 |    97 |   228 |   549 |    99 ||  1029
       Deflected         |       |     2 |     1 |     4 |    36 |       ||    43
Block: Shield            |    52 |    89 |   225 |   338 |       |       ||   704
       Buckler           |       |       |       |    52 |   490 |    81 ||   623
       Rpst.: Long sword |     6 |    10 |    25 |    28 |     7 |     1 ||    77
       Demon blade       |       |       |       |    13 |    89 |       ||   102
       Scimitar          |       |       |       |       |     5 |       ||     5
       Double sword      |       |       |       |       |     7 |     7 ||    14

Table legend:
 A = Non-vault XP
 B = Vault XP
 C = Vault XP percentage of total XP
 D = Non-vault monster count
 E = Vault monster count
 F = Vault count percentage of total count
                 A         B        C        D         E       F
            +---------+---------+-------+---------+---------+-------
      Total |  121108 |   55851 |  31.6 |     588 |     216 |  26.9
            +---------+---------+-------+---------+---------+-------
        D:1 |      32 |       0 |   0.0 |       7 |       0 |   0.0
        D:2 |      86 |      36 |  29.5 |      20 |       1 |   4.8
        D:3 |      53 |      23 |  30.3 |      15 |       6 |  28.6
        D:4 |     584 |      41 |   6.6 |      18 |       1 |   5.3
        D:5 |     970 |     801 |  45.2 |      30 |       3 |   9.1
        D:6 |     501 |       0 |   0.0 |      12 |       0 |   0.0
        D:7 |     979 |    2586 |  72.5 |      21 |       9 |  30.0
        D:8 |    1320 |     121 |   8.4 |      25 |       1 |   3.8
        D:9 |    1325 |     673 |  33.7 |      25 |      22 |  46.8
       D:10 |    2889 |     955 |  24.8 |      21 |       4 |  16.0
       D:11 |    4520 |    2054 |  31.2 |      45 |       5 |  10.0
       D:12 |    4068 |    2092 |  34.0 |      23 |       2 |   8.0
       D:13 |    8621 |    6525 |  43.1 |      35 |      20 |  36.4
       D:14 |    7246 |       0 |   0.0 |      21 |       0 |   0.0
       D:15 |   16531 |    2954 |  15.2 |      39 |       4 |   9.3
     Lair:1 |     482 |    1006 |  67.6 |       3 |       1 |  25.0
     Lair:2 |    5374 |     807 |  13.1 |      29 |       1 |   3.3
     Lair:3 |    2361 |    1339 |  36.2 |       8 |       6 |  42.9
     Lair:4 |    3217 |     883 |  21.5 |       7 |       5 |  41.7
     Lair:5 |    9022 |    3153 |  25.9 |      27 |      27 |  50.0
     Lair:6 |   10325 |   10749 |  51.0 |      36 |      27 |  42.9
    Swamp:1 |   10918 |    3435 |  23.9 |      24 |       2 |   7.7
    Swamp:2 |   18896 |       0 |   0.0 |      38 |       0 |   0.0
    Snake:1 |    2350 |       0 |   0.0 |       4 |       0 |   0.0
      Orc:1 |    3337 |    1704 |  33.8 |      24 |       3 |  11.1
      Orc:2 |    5101 |   10036 |  66.3 |      31 |      48 |  60.8
    Volcano |       0 |    3878 | 100.0 |       0 |      18 | 100.0
            +---------+---------+-------+---------+---------+-------
